 Dungeon Crawl Stone Soup version 0.21-a0-396-ga924934 (webtiles) character file.

185 dracos369 the Conjurer (level 5, -2/28 HPs)
             Began as a Deep Elf Conjurer on Oct 19, 2017.
             Slain by a mummy (14 damage)
             ... in an ossuary.
             The game lasted 00:20:02 (3074 turns).

dracos369 the Conjurer (Deep Elf Conjurer)          Turns: 3074, Time: 00:20:03

Health: -2/28      AC:  4    Str:  5    XL:     5   Next: 37%
Magic:  2/13       EV: 13    Int: 21    God:
Gold:   169        SH:  0    Dex: 15    Spells: 5/12 levels left

rFire    . . .     SeeInvis .   a - +4 quarterstaff (chaos)
rCold    . . .     Gourm    .   (shield currently unavailable)
rNeg     . . .     Faith    .   k - +0 robe
rPois    .         Spirit   .   (no helmet)
rElec    .         Reflect  .   u - +0 cloak
rCorr    .         Harm     .   s - +0 pair of gloves
MR       .....     Rnd*Tele +   (no boots)
Stlth    ++........             (no amulet)
HPRegen  0.09/turn              w - ring of teleportation (curse)
MPRegen  0.13/turn              (no ring)

@: no status effects
A: no striking features
a: no special abilities


You were in an ossuary.
You were hungry.

You visited 1 branch of the dungeon, and saw 4 of its levels.
You also visited: Ossuary.

You collected 169 gold pieces.

Inventory:

Hand Weapons
 a - a +4 quarterstaff of chaos (weapon)
 b - a +0 hunting sling
Missiles
 e - 131 stones (quivered)
 m - 16 sling bullets
Armour
 k - a +0 robe (worn)
 s - a +0 pair of gloves (worn)
 u - a +0 cloak (worn)
Jewellery
 w - a cursed ring of teleportation (left hand)
Scrolls
 d - 3 scrolls of identify
 g - a scroll of recharging {unknown}
 o - a scroll of enchant weapon {unknown}
 q - a scroll of fear {unknown}
 r - a scroll of magic mapping {unknown}
 t - a scroll of enchant armour {unknown}
Potions
 h - 2 potions of might
 i - a potion of agility
 l - a potion of invisibility {unknown}
 p - a potion of magic {unknown}
 x - a potion of degeneration {unknown}
 z - a potion of curing {unknown}
 B - a potion of flight {unknown}
 C - a potion of mutation {unknown}
Books
 n - a book of Conjurations

   Spells                             Type                      Level
   a - Magic Dart                     Conjuration                  1
   b - Searing Ray                    Conjuration                  2
   c - Dazzling Spray                 Conjuration/Hexes            3
   d - Fulminant Prism                Conjuration/Hexes            4
   e - Force Lance                    Conjuration/Translocation    4
   f - Iskenderun's Mystic Blast      Conjuration                  4
Comestibles
 c - 2 bread rations
 f - 2 meat rations
 j - 2 royal jellies
 A - 3 fruits


   Skills:
 + Level 0.4 Fighting
 + Level 0.6 Staves
 - Level 2.4 Dodging
 - Level 2.5 Stealth
 - Level 4.0 Spellcasting
 * Level 6.7 Conjurations


You had 5 spell levels left.
You knew the following spells:

 Your Spells              Type           Power        Failure   Level  Hunger
a - Magic Dart            Conj           ####         1%          1    None
b - Iskenderun's Mystic   Conj           ####....     8%          4    ####...
r - Searing Ray           Conj           ####..       1%          2    #......


Dungeon Overview and Level Annotations

Branches:
Dungeon (4/15)
 Temple: D:4-7

Altars:
Ashenzari
Fedhas
Okawaru


Message History

Casting: Magic Dart
Confirm with . or Enter, or press ? or * to list all spells.
Okay, then.
You feel a little less agile now.
You thump the hobgoblin zombie!
You destroy the hobgoblin zombie!
You sock the mummy! You freeze the mummy.
The mummy is almost destroyed.
The mummy misses you.
You hit the mummy.
You destroy the mummy!
You see here a stone.
The gnoll zombie closely misses you.
You sock the gnoll zombie!
Lightning courses through the gnoll zombie!
You destroy the gnoll zombie! 2 mummies come into view.
The mummy hits you!
Ouch! That really hurt!
You die...

.# .M #### ...
... ##..## .M..
...##....##....
...............
...............
...Z...M......#
#....@...#
##......##
##...(## #(.(.#
#....# #....#
#....# #....#
#....#


You could see 2 mummies and a hobgoblin zombie.

Vanquished Creatures
  Crazy Yiuf (D:2)
  Jessica (D:2)
  3 mummies (Ossuary)
  4 adders
  3 dart slugs
  4 leopard geckos
  3 giant cockroaches
  2 gnoll zombies (Ossuary)
  2 goblins
  3 hobgoblins
  A jackal (D:1)
  4 kobolds
  A quokka (D:3)
  A ball python (D:2)
  3 bats
  9 frilled lizards
  2 hobgoblin zombies (Ossuary)
  A kobold zombie (Ossuary)
  2 orc zombies (Ossuary)
  8 rats
58 creatures vanquished.

Notes
Turn   | Place    | Note
-------+----------+-------------------------------------------
     0 | D:1      | dracos369 the Deep Elf Conjurer began the quest for the Orb.
     0 | D:1      | Reached XP level 1. HP: 10/10 MP: 6/6
   287 | D:1      | Reached XP level 2. HP: 14/15 MP: 6/8
   383 | D:1      | Learned a level 2 spell: Searing Ray
   384 | D:1      | Reached skill level 5 in Conjurations
   869 | D:2      | Noticed Jessica
   885 | D:2      | Killed Jessica
   885 | D:2      | Reached XP level 3. HP: 19/19 MP: 4/9
  1239 | D:2      | Reached skill level 6 in Conjurations
  1269 | D:2      | Reached XP level 4. HP: 19/24 MP: 4/10
  1449 | D:2      | Learned a level 4 spell: Iskenderun's Mystic Blast
  1773 | D:2      | Found a runed door.
  1778 | D:2      | Noticed Crazy Yiuf
  1782 | D:2      | Killed Crazy Yiuf
  1944 | D:3      | Found a shattered altar of Ashenzari.
  2373 | D:3      | Found a blossoming altar of Fedhas.
  2469 | D:3      | Found an iron altar of Okawaru.
  2606 | D:3      | Reached XP level 5. HP: 15/28 MP: 11/13
  3017 | D:4      | Found a sand-covered staircase.
  3024 | Ossuary  | Entered an ossuary
  3074 | Ossuary  | Slain by a mummy

Vault maps used:
D:1:      dpeg_arrival_pond, minmay_quantized
D:2:      uniq_crazy_yiuf_cottage, uniq_jessica
D:3:      wad_pebble_path, cheibrodos_ashenzari_chains, minitemple, first_bread,
          minivault_11
D:4:      eat_drink_and_be_merry_uskayaw, lemuel_crystal_altar,
          nicolae_tso_besieged_by_evil, lemuel_zombie_altar_yredelemnul,
          serial_shops, nicolae_shop_stone, gup_sewer_entry_spiral,
          enter_ossuary_4, roderic_lattice_a
Ossuary:  ossuary_tomb_3

Skill      XL: |  1  2  3  4 |
---------------+-------------+-----
Conjurations   | 5 6 |  6.7
Spellcasting   | 4 |  4.0
Fighting       | |  0.4
Staves         | |  0.6
Dodging        | |  2.4
Stealth        | |  2.5

Action                   |  1- 3 |  4- 6 || total
-------------------------+-------+-------++-------
Melee: Mace              |     9 |     1 ||    10
       Club              |     3 |       ||     3
       Quarterstaff      |       |    41 ||    41
 Fire: Hunting sling     |     8 |     8 ||    16
 Cast: Magic Dart        |    30 |    19 ||    49
       Searing Ray       |     7 |     5 ||    12
  Use: Scroll            |       |     1 ||     1
       Potion            |       |     1 ||     1
 Stab: Sleeping          |     3 |     2 ||     5
  Eat: Chunk             |     1 |     5 ||     6
Armor: Robe              |     4 |     9 ||    13
Dodge: Dodged            |    22 |    37 ||    59

Table legend:
 A = Spawn XP
 B = Non-spawn XP
 C = Spawn XP percentage of total XP
 D = Spawn monster count
 E = Non-spawn monster count
 F = Spawn count percentage of total count
 G = Total turns spent on level
                    A         B        C        D         E        F      G
               +---------+---------+-------+---------+---------+-------+---------
         Total |       0 |     265 |   0.0 |       0 |      58 |   0.0 |  3074
               +---------+---------+-------+---------+---------+-------+---------
           D:1 |       0 |      33 |   0.0 |       0 |      18 |   0.0 |   922
           D:2 |       0 |     108 |   0.0 |       0 |      15 |   0.0 |   942
           D:3 |       0 |      62 |   0.0 |       0 |      15 |   0.0 |  1119
       Ossuary |       0 |      62 |   0.0 |       0 |      10 |   0.0 |    50
               +---------+---------+-------+---------+---------+-------+---------
